 Dungeon Crawl Stone Soup version 0.20.1-1-g8b1a95d (console) character file.

128 rafael the Sneak (level 4, 0/37 HPs)
             Began as a Deep Dwarf Fire Elementalist on Aug 29, 2017.
             Shot with a stone by a goblin (2 damage)
             ... on level 3 of the Dungeon.
             The game lasted 00:04:50 (1752 turns).

rafael the Sneak (Deep Dwarf Fire Elementalist)     Turns: 1752, Time: 00:04:50

Health: 0/37       AC:  5    Str: 12    XL:     4   Next: 86%
Magic:  3/6        EV: 12    Int: 16    God:
Gold:   100        SH:  0    Dex: 13    Spells: 5/6 levels left

rFire    . . .     SeeInvis .   l - +0 dagger (venom)
rCold    + . .     Gourm    .   (no shield)
rNeg     . . .     Faith    .   a - +0 robe
rPois    .         Spirit   .   k - +2 hat
rElec    .         Reflect  .   (no cloak)
rCorr    .         Harm     .   (no gloves)
MR       .....                  (no boots)
Stlth    ++........             (no amulet)
Regen    0.0/turn               (no ring)
MPRegen  0.1/turn               (no ring)

@: non-regenerating, drained
A: damage resistance, heal wounds, rugged brown scales 1, cold resistance 1,
sense surroundings 1, no regeneration
a: Heal Wounds


You were on level 3 of the Dungeon.
You were not hungry.

You visited 1 branch of the dungeon, and saw 3 of its levels.

You collected 100 gold pieces.

Inventory:

Hand Weapons
 e - a +0 dagger
 l - a +0 dagger of venom (weapon)
Armour
 a - a +0 robe (worn)
 k - a +2 hat (worn)
Magical Staves
 n - an uncursed staff of death
Jewellery
 i - an uncursed amulet of harm
 m - a -2 ring of protection
Scrolls
 g - a scroll of random uselessness {unknown}
 q - 2 scrolls of identify {unknown}
 r - a scroll of teleportation {unknown}
Potions
 d - a potion of haste
Books
 b - a book of Flames

   Spells                             Type                      Level
   a - Flame Tongue                   Conjuration/Fire             1
   b - Throw Flame                    Conjuration/Fire             2
   c - Conjure Flame                  Conjuration/Fire             3
   d - Inner Flame                    Hexes/Fire                   3
   e - Sticky Flame                   Conjuration/Fire             4
   f - Fireball                       Conjuration/Fire             5
Comestibles
 c - a bread ration
 f - a royal jelly
 h - 3 chunks of flesh


   Skills:
 - Level 2.1(1.4) Dodging
 + Level 4.5(3.7) Stealth
 - Level 1.7(1.0) Spellcasting
 + Level 2.5(1.8) Conjurations
 + Level 3.4(2.7) Fire Magic


You had 5 spell levels left.
You knew the following spells:

 Your Spells              Type           Power        Failure   Level  Hunger
a - Flame Tongue          Conj/Fire      #....        9%          1    ##.....


Dungeon Overview and Level Annotations

Branches:
Dungeon (3/15)

Altars:


Innate Abilities, Weirdness & Mutations

You are resistant to damage.
You can heal yourself by infusing magical energy.
You passively map a small area around you.
You do not regenerate.
You are partially covered in rugged brown scales. (AC +1, +3% HP)
Your flesh is cold resistant. (rC+)


Message History

The flame tongue hits the rat.
You kill the rat!
Things that are here:
a ring mail; an orc corpse
Things that are here:
a club; a flail; an orc corpse You butcher the orc corpse.
h - 4 chunks of flesh
Things that are here:
a club; a flail Eat one of 4 chunks of flesh? (ye/n/q)
You eat one of the 4 chunks of flesh.
This raw flesh tastes terrible.
Things that are here:
a hand axe; a scale mail; an orc corpse A goblin comes into view.
A goblin is nearby!
The goblin shouts!
The goblin wields a glowing hunting sling.
It bursts into flame!
The goblin shoots a stone.
The stone hits you.
You die...

, # #......#.o...... , ,
#.##...#####r... , ...
##### #.... ,,,,.#**
#.... , #.... * , ##....
, ######## ##.....
##.g####......####..##..
.......@.####...##.#####
, *##.####### ###.##)# ,
*,* #...)### ,
###########....# * *
#.........[.##.### ,
......).######.... ** ,
*#.....#.....###... ,
......#.....###...
#.................


You could see a goblin.

Vanquished Creatures
  Jessica (D:2)
  2 adders (D:2)
  An ooze (D:2)
  2 worms (D:2)
  4 dart slugs
  A leopard gecko (D:2)
  6 orcs (D:3)
  9 bats
  5 goblins
  8 hobgoblins
  2 jackals (D:1)
  A ball python (D:1)
  A frilled lizard (D:2)
  8 kobolds
  7 rats
58 creatures vanquished.

Notes
Turn   | Place    | Note
-------+----------+-------------------------------------------
     0 | D:1      | rafael the Deep Dwarf Fire Elementalist began the quest for the Orb.
     0 | D:1      | Reached XP level 1. HP: 15/15 MP: 3/3
    37 | D:1      | Reached skill level 1 in Conjurations
   150 | D:1      | Reached XP level 2. HP: 20/22 MP: 0/4
   329 | D:1      | Reached skill level 3 in Stealth
   779 | D:1      | Reached XP level 3. HP: 26/28 MP: 0/5
  1109 | D:2      | Noticed Jessica
  1116 | D:2      | Killed Jessica
  1116 | D:2      | Reached XP level 4. HP: 24/36 MP: 0/6
  1255 | D:2      | Reached skill level 4 in Stealth
  1562 | D:3      | Gained mutation: You are partially covered in rugged brown scales. (AC +1, +3% HP) [potion of mutation]
  1562 | D:3      | Gained mutation: Your flesh is cold resistant. (rC+) [potion of mutation]
  1752 | D:3      | Shot with a stone by a goblin

Skill      XL: |  1  2  3  4 |
---------------+-------------+-----
Conjurations   | 1 2 |  2.5
Stealth        | 3 4 |  4.5
Fire Magic     | 3 |  3.4
Dodging        | |  2.1
Spellcasting   | |  1.7

Action                   |  1- 3 |  4- 6 || total
-------------------------+-------+-------++-------
Melee: Unarmed           |     3 |       ||     3
       Dagger            |    27 |    33 ||    60
 Cast: Flame Tongue      |    52 |    35 ||    87
  Use: Scroll            |     1 |       ||     1
       Potion            |       |     7 ||     7
 Stab: Sleeping          |     1 |     2 ||     3
  Eat: Chunk             |     3 |     3 ||     6
Armor: Robe              |    20 |     6 ||    26
Dodge: Dodged            |    45 |    30 ||    75
